[Event "Titled Tuesday Blitz July 18 Early 2023"]
[White "Przybylski, Wojciech"]
[Black "Polanco Nunez, Yoel Estarling"]
[WhiteFideId "1117599"]
[BlackFideId "6401783"]
[WhiteElo "2588"]
[BlackElo "2257"]
[Result "1/2-1/2"]
[Round "1"]
[TimeControl "180+2"]
[Date "2023.07.18"]
[WhiteClock "0:00:16"]
[BlackClock "0:00:21"]
[Board "166"]

1. d4 Nf6 2. c4 e6 3. Nc3 Bb4 4. f3 c5 5. d5 O-O 6. e4 exd5 7. cxd5 d6 8. a3 Ba5 9. Bd3 Nbd7 10. Ne2 Ne5 11. O-O a6 12. Kh1 Nxd3 13. Qxd3 Re8 14. Bg5 h6 15. Bh4 Qe7 16. Nd1 Bd8 17. Ne3 Qc7 18. b4 Nd7 19. Bg3 Bf6 20. Rac1 b5 21. bxc5 Nxc5 22. Qc2 Bd7 23. Bxd6 Qxd6 24. Qxc5 Be7 25. Qxd6 Bxd6 26. Rc3 Rec8 27. Rfc1 a5 28. g3 Rxc3 29. Rxc3 b4 30. axb4 axb4 31. Rc2 b3 32. Rb2 Ra2 33. Nd1 Ra1 34. Nc3 Be5 35. Kg2 Ba4 36. f4 Bd4 37. Rd2 Bxc3 38. Nxc3 Rc1 39. Ne2 Rc4 40. Kf3 Rc2 41. Rxc2 bxc2 42. Ke3 Kf8 43. Kd2 Ke7 44. Nd4 Kd6 45. Nxc2 Kc5 46. Ne3 Kd4 47. e5 g5 48. e6 fxe6 49. dxe6 gxf4 50. gxf4 Ke4 51. f5 Ke5 52. Ke2 Bb3 53. Kf3 h5 54. Kg3 Ba4 55. Kh4 Ke4 56. Ng2 Kxf5 57. Kxh5 Kxe6 58. Nf4+ Kf5 59. Ng2 Be8+ 60. Kh4 Kg6 61. Nf4+ Kh7 62. Nd5 Ba4 63. Ne3 Bb3 64. Kg5 Ba2 65. h4 Bb1 66. Ng4 Bc2 67. Nf6+ Kg7 68. Nd7 Bb1 69. Nc5 Bc2 70. Ne6+ Kh7 71. Kh5 Bd1+ 72. Kg5 Bc2 73. Nd4 Bb1 74. Nf3 Bd3 75. Ne5 Bb1 76. Nd7 Bc2 77. Nf6+ Kg7 78. h5 Bb1 79. Ng4 Kh7 80. Ne5 Kg7 81. Nf3 Bc2 82. Nd4 Bb1 83. Ne6+ Kh7 84. Nf4 Kg7 85. h6+ Kh7 86. Nd5 Bc2 87. Nb4 Bb1 88. Kh5 Kh8 89. Nd5 Kh7 90. Nf6+ Kh8 91. Kg5 Bc2 92. Nd5 Bb1 93. Nc3 Bc2 94. Nd5 Bb1 95. Ne3 Bd3 96. Ng4 Bb1 97. Ne5 Bc2 98. Nf7+ Kh7 99. Nd8 Bb1 100. Ne6 Bc2 101. Nd4 Bb1 102. Kh5 Bd3 103. Kg5 Bb1 104. Nf3 Bc2 105. Ne5 Bb1 106. Ng4 Bc2 107. Nf6+ Kh8 108. Nh5 Bb1 109. Kf6 Bc2 110. Nf4 Kh7 111. Kg5 Bb1 112. Nd5 Kh8 1/2-1/2


[Site "https://www.chess.com"]

[Event "Titled Tuesday Blitz July 18 Early 2023"]
[White "Peiris, T G M"]
[Black "Vlassov, Nikolai"]
[WhiteFideId "9901310"]
[BlackFideId "4103360"]
[WhiteElo "2254"]
[BlackElo "2588"]
[Result "0-1"]
[Round "1"]
[TimeControl "180+2"]
[Date "2023.07.18"]
[WhiteClock "0:00:36"]
[BlackClock "0:00:37"]
[Board "167"]

1. e4 c5 2. c3 Nf6 3. e5 Nd5 4. d4 cxd4 5. Nf3 d6 6. cxd4 Nc6 7. Bc4 dxe5 8. dxe5 Ndb4 9. Qb3 e6 10. O-O Na5 11. Qa4+ Bd7 12. Bb5 Bxb5 13. Qxb5+ Nac6 14. Nc3 a6 15. Qe2 Qd3 16. Qe1 Nc2 17. Qd2 Qxd2 18. Bxd2 Nxa1 19. Rxa1 Bb4 20. a3 Bxc3 21. Bxc3 O-O-O 22. Rc1 Rd5 23. Kf1 Rhd8 24. Ke2 b5 25. h3 Kb7 26. Ke1 a5 27. b4 axb4 28. axb4 Ra8 29. Rc2 Ra3 30. Bd2 Nxe5 31. Ng5 h6 32. Ne4 Nd3+ 33. Kf1 f5 34. Nc3 Ra1+ 35. Ke2 Nxb4 36. Rb2 Re5+ 37. Kf3 Nd3 38. Rxb5+ Rxb5 39. Nxb5 Kc6 40. Nd4+ Kd5 41. Ne2 Ne5+ 42. Kg3 Ra3+ 43. f3 g5 44. h4 f4+ 45. Kh3 g4+ 46. Kh2 gxf3 47. Nxf4+ Ke4 48. Kg1 Ra1+ 49. Kf2 Ng4+ 50. Kg3 f2 0-1


[Site "https://www.chess.com"]

[Event "Titled Tuesday Blitz July 18 Early 2023"]
[White "Altman, Joshua"]
[Black "rikchessmx"]
[WhiteFideId "426210"]
[WhiteElo "2587"]
[BlackElo "2253"]
[Result "1-0"]
[Round "1"]
[TimeControl "180+2"]
[Date "2023.07.18"]
[WhiteClock "0:00:07"]
[BlackClock "0:00:00"]
[Board "168"]

1. Nf3 Nf6 2. g3 c6 3. Bg2 d5 4. O-O Bg4 5. c4 e6 6. Ne5 Bf5 7. cxd5 exd5 8. d3 Bd6 9. Bf4 Qe7 10. d4 Nh5 11. e3 Nxf4 12. exf4 O-O 13. Nc3 f6 14. Nf3 Qd7 15. Qb3 Na6 16. Rfe1 Kh8 17. Rac1 Nb4 18. Re3 Bd3 19. Rce1 Bc4 20. Qd1 Rfe8 21. b3 Ba6 22. a3 Nd3 23. Rxd3 Bxd3 24. Qxd3 Rxe1+ 25. Nxe1 Re8 26. Nc2 Qe7 27. Ne3 Bxa3 28. h4 Qd7 29. Kh2 Bb4 30. h5 Bxc3 31. Qxc3 g6 32. h6 Qe7 33. f5 Qf8 34. Ng4 gxf5 35. Ne3 Qxh6+ 36. Kg1 f4 37. gxf4 Qxf4 38. Qd3 Rg8 39. Kf1 h5 40. Nf5 Rg5 41. Ne3 h4 42. Qd1 Qh2 43. Qf3 Kg7 44. Ng4 Qd6 45. Ne3 Qe6 46. Bh3 Qe4 47. Nf5+ Kh7 48. Qxe4 dxe4 49. Nd6 e3 50. fxe3 Rg3 51. Bf5+ Kh6 52. Kf2 Kg5 53. Bd3 Rh3 54. Ne4+ Kh5 55. Nxf6+ Kh6 56. Ne4 Rh2+ 57. Kf3 Rb2 58. Bc4 b5 59. Be6 a5 60. Nc5 Kg5 61. Bd7 Rb1 62. Bxc6 h3 63. Ke2 1-0


[Site "https://www.chess.com"]

[Event "Titled Tuesday Blitz July 18 Early 2023"]
[White "Chemin, Justo Reinaldo"]
[Black "The_Sherman_Variation"]
[WhiteFideId "2101580"]
[WhiteElo "2251"]
[BlackElo "2585"]
[Result "0-1"]
[Round "1"]
[TimeControl "180+2"]
[Date "2023.07.18"]
[WhiteClock "0:00:03"]
[BlackClock "0:00:17"]
[Board "169"]

1. d4 Nf6 2. Nf3 b6 3. Bf4 Bb7 4. e3 e6 5. Nbd2 c5 6. c3 Nc6 7. h3 Be7 8. Bd3 h6 9. Qe2 d5 10. dxc5 bxc5 11. e4 Qb6 12. Rb1 d4 13. Nc4 Qd8 14. cxd4 cxd4 15. O-O O-O 16. Rbc1 Rc8 17. Rfd1 Nd7 18. Nd6 Bxd6 19. Bxd6 Re8 20. Bb5 e5 21. a3 Qb6 22. b4 a6 23. Bc4 Nd8 24. Bc5 Nxc5 25. bxc5 Rxc5 26. Rb1 Qa7 27. Nd2 Ne6 28. g3 Qa8 29. f3 Kh8 30. Nb3 Rcc8 31. Na5 Bc6 32. Bxa6 Rb8 33. Nxc6 Qxc6 34. Bc4 Rec8 35. Bd5 Qc3 36. Rxb8 Rxb8 37. Bxe6 Rb2 38. Qd3 Qxd3 39. Rxd3 fxe6 40. f4 exf4 41. gxf4 Kh7 42. Rxd4 Rb3 43. Rd6 Rxa3 44. Rxe6 Rxh3 45. f5 Re3 46. Re7 Kg8 47. e5 Kf8 48. f6 gxf6 49. exf6 Rf3 50. Re6 Kf7 51. Rc6 Kg6 52. Kg2 Rf5 53. Kg3 h5 54. Kh4 Rf4+ 55. Kg3 Rg4+ 56. Kh3 Rf4 57. Rb6 Rf5 58. Rc6 Kg5 59. Rb6 Rf3+ 60. Kg2 Rf4 61. Rc6 Kg4 62. Rd6 h4 63. Rc6 h3+ 64. Kh2 Rf2+ 65. Kg1 Rf3 66. f7 Rxf7 67. Rc4+ Kg3 68. Rc3+ Kh4 69. Rc4+ Kh5 70. Rd4 Rf3 71. Re4 Kg5 72. Re5+ Kg4 73. Re2 Kg3 74. Re8 h2+ 75. Kh1 Rf1# 0-1


[Site "https://www.chess.com"]

[Event "Titled Tuesday Blitz July 18 Early 2023"]
[White "Arat, Ufuk Sezen"]
[Black "Putri, Regita Desyari"]
[WhiteFideId "6309089"]
[BlackFideId "7109083"]
[WhiteElo "2582"]
[BlackElo "2251"]
[Result "1-0"]
[Round "1"]
[TimeControl "180+2"]
[Date "2023.07.18"]
[WhiteClock "0:01:14"]
[BlackClock "0:00:00"]
[Board "170"]

1. e4 e5 2. Nf3 Nf6 3. Nxe5 d6 4. Nf3 Nxe4 5. c4 Be7 6. d4 O-O 7. Nc3 Bf5 8. Bd3 Nxc3 9. bxc3 Bxd3 10. Qxd3 Nc6 11. O-O h6 12. Rb1 Na5 13. Be3 b6 14. d5 Qd7 15. Nd4 Bf6 16. Nf5 Rfe8 17. Bd4 Be5 18. f4 Bxd4+ 19. cxd4 Kh8 20. Rbc1 Rad8 21. Rf3 Rg8 22. Rh3 Rgf8 23. Nxh6 g6 24. Ng4+ Kg7 25. Rh7+ Kxh7 26. Qh3+ Kg7 27. Qh6+ 1-0


[Site "https://www.chess.com"]

[Event "Titled Tuesday Blitz July 18 Early 2023"]
[White "Joshi, Pankaj"]
[Black "Leon Oquendo, Jorge"]
[WhiteFideId "5006210"]
[BlackFideId "3514803"]
[WhiteElo "2249"]
[BlackElo "2582"]
[Result "0-1"]
[Round "1"]
[TimeControl "180+2"]
[Date "2023.07.18"]
[WhiteClock "0:00:08"]
[BlackClock "0:00:40"]
[Board "171"]

1. e4 c5 2. Nc3 a6 3. g3 b5 4. Bg2 Bb7 5. d3 g6 6. f4 Bg7 7. Nh3 d6 8. O-O Nd7 9. f5 Ne5 10. Bf4 gxf5 11. Bxe5 Bxe5 12. Rxf5 e6 13. Rf1 h5 14. Qf3 Qe7 15. Ne2 Bxb2 16. Rab1 Be5 17. c3 f5 18. Nhf4 fxe4 19. dxe4 Rh6 20. Nxh5 O-O-O 21. Nef4 Nf6 22. Nxf6 Rxf6 23. a4 Bc6 24. axb5 axb5 25. c4 b4 26. Qg4 Rh8 27. Ng6 Bd4+ 28. Kh1 Qh7 29. Nxh8 Qxh8 30. Rxf6 Qxf6 31. Rf1 Qe5 32. Qg8+ Kc7 33. Rf7+ Bd7 34. Rf1 b3 35. Qa8 b2 36. Qa5+ Kb7 37. Rf7 b1=Q+ 38. Bf1 Qexe4+ 0-1


[Site "https://www.chess.com"]

[Event "Titled Tuesday Blitz July 18 Early 2023"]
[White "Vovk, Orest"]
[Black "Samarth J Rao"]
[WhiteFideId "14113490"]
[BlackFideId "46652370"]
[WhiteElo "2580"]
[BlackElo "2248"]
[Result "1-0"]
[Round "1"]
[TimeControl "180+2"]
[Date "2023.07.18"]
[WhiteClock "0:00:23"]
[BlackClock "0:00:05"]
[Board "172"]

1. g4 d5 2. h3 e5 3. Bg2 c5 4. c4 d4 5. d3 Nc6 6. Bxc6+ bxc6 7. Qa4 Bd7 8. Nf3 Bd6 9. Nbd2 Nf6 10. g5 Nh5 11. Ne4 Qe7 12. Qa5 O-O 13. b3 Bf5 14. Nfd2 Nf4 15. Ba3 Ng2+ 16. Kd1 Nf4 17. Nxd6 Qxd6 18. Bxc5 Qg6 19. Bxf8 Rxf8 20. Qxe5 Nxh3 21. Rxh3 Bxh3 22. Kc2 f6 23. gxf6 Rxf6 24. Qxd4 Qg2 25. Ne4 Rf8 26. Qe3 Bf5 27. f3 h5 28. Rg1 Qh2 29. Kd1 h4 30. Qg5 g6 31. Qg2 Qe5 32. Kc2 h3 33. Qg3 h2 34. Rh1 Qa5 35. a4 Qb4 36. Qxh2 Kf7 37. Qc7+ Ke8 38. Rh7 Bxe4 39. Qc8# 1-0


[Site "https://www.chess.com"]

[Event "Titled Tuesday Blitz July 18 Early 2023"]
[White "Daniel_Salinas"]
[Black "Pham, Khoi"]
[BlackFideId "1054988"]
[WhiteElo "2242"]
[BlackElo "2579"]
[Result "0-1"]
[Round "1"]
[TimeControl "180+2"]
[Date "2023.07.18"]
[WhiteClock "0:00:00"]
[BlackClock "0:01:35"]
[Board "173"]

1. d4 Nf6 2. c4 g6 3. Nf3 Bg7 4. g3 O-O 5. Bg2 d6 6. O-O c5 7. Nc3 Nc6 8. d5 Na5 9. Nd2 a6 10. a4 Bd7 11. Qc2 Rb8 12. b3 b5 13. axb5 axb5 14. cxb5 Bxb5 15. Nxb5 Rxb5 16. Bb2 Qb6 17. Bc3 Nxb3 18. Rab1 Nxd2 19. Rxb5 Qxb5 20. Qxd2 Rb8 21. Ra1 c4 22. e4 Ng4 23. Bf1 Bxc3 24. Qxc3 Qc5 25. Ra2 Ne5 26. Rc2 Rb3 27. Qa1 c3 28. Be2 Qb4 29. Kg2 Rb2 0-1


[Site "https://www.chess.com"]

[Event "Titled Tuesday Blitz July 18 Early 2023"]
[White "Souleidis, Georgios"]
[Black "Sarkar, Justin"]
[WhiteFideId "4206827"]
[BlackFideId "2010011"]
[WhiteElo "2578"]
[BlackElo "2241"]
[Result "1-0"]
[Round "1"]
[TimeControl "180+2"]
[Date "2023.07.18"]
[WhiteClock "0:00:26"]
[BlackClock "0:00:00"]
[Board "174"]

1. e4 c6 2. d4 d5 3. e5 Na6 4. c3 Nc7 5. Bd3 g6 6. Nf3 Nh6 7. Nh4 Nf5 8. Nxf5 Bxf5 9. Bxf5 gxf5 10. Qh5 e6 11. Bg5 Be7 12. h4 Qd7 13. Nd2 Bxg5 14. Qxg5 Qe7 15. Nf3 h6 16. Qxe7+ Kxe7 17. Ke2 Rhg8 18. g3 a5 19. b3 b6 20. c4 a4 21. Rhc1 axb3 22. axb3 Rxa1 23. Rxa1 Ra8 24. Rxa8 Nxa8 25. Ke3 Nc7 26. Ne1 b5 27. c5 Ne8 28. Nd3 Ng7 29. Kd2 Kd7 30. Kc3 Nh5 31. Kb4 Kc7 32. Ka5 Kb7 33. Kb4 Kc7 34. Kc3 Kd7 35. Kd2 Kc7 36. Ke3 Kd7 37. Kf3 Kc7 38. Kg2 Kd7 39. f3 Ke7 40. g4 fxg4 41. fxg4 Ng7 42. h5 Kd7 43. Kg3 Ke7 44. Kf4 Kf8 45. Nb4 1-0


[Site "https://www.chess.com"]

[Event "Titled Tuesday Blitz July 18 Early 2023"]
[White "laimis61"]
[Black "Parpiev, Isaak"]
[BlackFideId "34281576"]
[WhiteElo "2241"]
[BlackElo "2578"]
[Result "0-1"]
[Round "1"]
[TimeControl "180+2"]
[Date "2023.07.18"]
[WhiteClock "0:00:00"]
[BlackClock "0:00:05"]
[Board "175"]

1. e4 c6 2. d4 d5 3. exd5 cxd5 4. Bd3 Nc6 5. c3 Nf6 6. h3 Qc7 7. Na3 a6 8. Nc2 g6 9. Nf3 Bg7 10. O-O O-O 11. Re1 Bf5 12. Bxf5 gxf5 13. Ne3 e6 14. g3 Ne4 15. Ng2 b5 16. Bf4 Qb7 17. Qc1 b4 18. Bh6 bxc3 19. bxc3 Rac8 20. Bxg7 Kxg7 21. Ng5 Ne7 22. Nxe4 fxe4 23. Qg5+ Ng6 24. Nf4 Qe7 25. Nh5+ Kh8 26. Nf6 Rxc3 27. Rab1 Rf3 28. Nxe4 dxe4 29. Qxe7 Nxe7 30. Rxe4 Rd8 31. Rb7 Nc6 32. Kg2 Rf5 33. g4 Rf6 34. Rb6 Rxd4 35. Rxd4 Nxd4 36. Rxa6 Rf4 37. a4 Nb3 38. Rb6 Nc5 39. a5 Ra4 40. Rb5 Ne4 41. f3 Nd6 42. Rb6 Nc4 43. Rb7 Kg7 44. Kg3 Rxa5 45. h4 Rc5 46. h5 h6 47. Ra7 Nd6 48. Rd7 Rd5 49. Rc7 Ne8 50. Rb7 Nf6 51. Ra7 Rd3 52. Kf4 Nd5+ 53. Kg3 Nc3 54. Ra8 Ne2+ 55. Kf2 Nd4 56. Ra4 Rxf3+ 57. Kg2 Rf4 58. Ra8 Rxg4+ 59. Kf2 Rg5 60. Ke3 Nf5+ 61. Kf4 Rxh5 62. Ra7 Rg5 0-1


[Site "https://www.chess.com"]

[Event "Titled Tuesday Blitz July 18 Early 2023"]
[White "Bodnaruk, Anastasia"]
[Black "Kev4444444444"]
[WhiteFideId "4181751"]
[WhiteElo "2576"]
[BlackElo "2237"]
[Result "1-0"]
[Round "1"]
[TimeControl "180+2"]
[Date "2023.07.18"]
[WhiteClock "0:01:32"]
[BlackClock "0:00:17"]
[Board "176"]

1. e4 c5 2. Nc3 Nc6 3. Bb5 g6 4. Bxc6 dxc6 5. d3 Bg7 6. Be3 b6 7. Qd2 Nf6 8. h3 O-O 9. Bh6 Be6 10. Nf3 c4 11. d4 b5 12. e5 Nd5 13. Ne4 b4 14. Bxg7 Kxg7 15. O-O Bf5 16. Nc5 c3 17. bxc3 bxc3 18. Qd1 e6 19. g4 Nf4 20. gxf5 gxf5 21. Kh2 Kh8 22. Rg1 Rg8 23. Rg3 Qf8 24. Rxg8+ Qxg8 25. Qg1 Qf8 26. Qg5 Nd5 27. Rg1 h6 28. Qh4 Kh7 29. Ng5+ Kh8 30. Nd7 Qg7 31. Nxe6 Qh7 32. Nf6 1-0


[Site "https://www.chess.com"]

[Event "Titled Tuesday Blitz July 18 Early 2023"]
[White "Zaim, Marian"]
[Black "Borrmann, Laurenz"]
[WhiteFideId "1204114"]
[BlackFideId "312187930"]
[WhiteElo "2237"]
[BlackElo "2575"]
[Result "1-0"]
[Round "1"]
[TimeControl "180+2"]
[Date "2023.07.18"]
[WhiteClock "0:00:23"]
[BlackClock "0:00:00"]
[Board "177"]

1. d4 f5 2. c4 Nf6 3. g3 e6 4. Bg2 Be7 5. Nf3 d5 6. O-O Ne4 7. Qc2 c6 8. b3 Nd7 9. Bb2 a5 10. Nbd2 O-O 11. e3 Bd6 12. a3 Qf6 13. Rfb1 g5 14. b4 g4 15. Ne1 h5 16. Nd3 h4 17. Nf4 hxg3 18. hxg3 Qh6 19. bxa5 Ndf6 20. Nxe4 Nxe4 21. Bxe4 fxe4 22. Kg2 Bxf4 23. Rh1 Qg6 24. exf4 Bd7 25. Rh4 Kg7 26. Qe2 e5 27. dxe5 Kf7 28. Rah1 Ke8 29. cxd5 cxd5 30. Rh6 Qf5 31. R1h5 Qf7 32. Rh7 Qe6 33. R5h6 Qf5 34. Rh5 Qe6 35. R7h6 Qe7 36. Rd6 Bc6 37. Rhh6 d4 38. Rhe6 e3+ 39. Kg1 Rh8 40. Rxe7+ Kxe7 41. fxe3 Rh1+ 42. Kf2 Rh2+ 43. Ke1 Rxe2+ 44. Kxe2 dxe3 45. Kxe3 Rxa5 46. Kd4 Rb5 47. Kc3 Rc5+ 48. Kd4 Rc2 49. Bc3 Rg2 50. Be1 Re2 51. Bb4 1-0


[Site "https://www.chess.com"]

[Event "Titled Tuesday Blitz July 18 Early 2023"]
[White "Shishkov, Andrei"]
[Black "La Villa Rivas, Marlon Javier"]
[WhiteFideId "4500563"]
[BlackFideId "3519546"]
[WhiteElo "2574"]
[BlackElo "2232"]
[Result "1-0"]
[Round "1"]
[TimeControl "180+2"]
[Date "2023.07.18"]
[WhiteClock "0:02:15"]
[BlackClock "0:01:44"]
[Board "178"]

1. d4 Nf6 2. c4 e6 3. Nc3 Bb4 4. Qc2 b6 5. e4 c5 6. e5 cxd4 7. a3 dxc3 8. axb4 cxb2 9. Bxb2 Ng8 10. Qe4 d5 11. exd6 Qxd6 12. c5 Qc6 13. Qxc6+ Nxc6 14. Bb5 Bd7 15. Bxg7 Nxb4 16. Bxd7+ Kxd7 17. O-O-O+ Kc6 18. Bxh8 Ne7 19. Bc3 Na2+ 20. Kb2 Nxc3 21. Kxc3 Nd5+ 22. Kc2 1-0


[Site "https://www.chess.com"]

[Event "Titled Tuesday Blitz July 18 Early 2023"]
[White "Thiel, Thomas"]
[Black "musclemonster12"]
[WhiteFideId "4615964"]
[WhiteElo "2229"]
[BlackElo "2574"]
[Result "1/2-1/2"]
[Round "1"]
[TimeControl "180+2"]
[Date "2023.07.18"]
[WhiteClock "0:00:21"]
[BlackClock "0:00:05"]
[Board "179"]

1. e4 c5 2. Nc3 Nc6 3. Bb5 Nd4 4. Bc4 e6 5. Nge2 a6 6. d3 Nf6 7. O-O d5 8. exd5 exd5 9. Nxd5 Nxd5 10. Nxd4 cxd4 11. Qh5 Be6 12. Re1 Be7 13. Rxe6 O-O 14. Bxd5 fxe6 15. Bxe6+ Kh8 16. Bf5 h6 17. Qg6 Rxf5 18. Qxf5 Rc8 19. Bf4 Rxc2 20. Rc1 Rxc1+ 21. Bxc1 Bf6 22. Bf4 Qe7 23. Qe4 Qc5 24. g3 b5 25. Qa8+ Kh7 26. Qxa6 Qf5 27. Qa3 b4 28. Qb3 h5 29. h4 Bxh4 30. Qxb4 Bf6 31. Qc4 h4 32. b4 h3 33. Kh2 g5 34. Qf7+ Kh6 35. Qf8+ Kh7 36. Qf7+ Kh6 37. Qf8+ Kh7 38. Qf7+ 1/2-1/2


[Site "https://www.chess.com"]

[Event "Titled Tuesday Blitz July 18 Early 2023"]
[White "Shubenkova, Veronika"]
[Black "Luxama, Jacques Muller"]
[WhiteFideId "44124040"]
[BlackFideId "11900113"]
[WhiteElo "2571"]
[BlackElo "2228"]
[Result "0-1"]
[Round "1"]
[TimeControl "180+2"]
[Date "2023.07.18"]
[WhiteClock "0:00:00"]
[BlackClock "0:01:18"]
[Board "180"]

1. e4 e6 2. d4 d5 3. exd5 exd5 4. Nf3 Nf6 5. c3 Bd6 6. Bd3 O-O 7. O-O h6 8. Nbd2 Re8 9. Qc2 c5 10. dxc5 Bxc5 11. Nb3 Bb6 12. Nbd4 Nc6 13. Be3 Nxd4 14. Bxd4 Bg4 15. Bxb6 Qxb6 16. Nd4 Rac8 17. Rae1 Bd7 18. Bf5 Bxf5 19. Qxf5 Qxb2 20. g4 Qxc3 21. Nb5 Qb4 22. Rb1 Qc5 23. g5 hxg5 24. Qxg5 Ne4 25. Qf4 Rc6 26. Rfc1 Rg6+ 27. Kf1 Qe7 0-1


[Site "https://www.chess.com"]

[Event "Titled Tuesday Blitz July 18 Early 2023"]
[White "Vaglio Munoz, Jaime"]
[Black "Gavrilov, Maxim"]
[WhiteFideId "6500145"]
[BlackFideId "24271454"]
[WhiteElo "2228"]
[BlackElo "2571"]
[Result "0-1"]
[Round "1"]
[TimeControl "180+2"]
[Date "2023.07.18"]
[WhiteClock "0:00:18"]
[BlackClock "0:00:10"]
[Board "181"]

1. Nf3 d5 2. c4 c6 3. b3 Nf6 4. Bb2 e6 5. g3 Bd6 6. Bg2 O-O 7. O-O Nbd7 8. d3 b6 9. Re1 Bb7 10. e4 e5 11. Nh4 Re8 12. Nc3 dxe4 13. dxe4 Nc5 14. Qf3 Ne6 15. Rad1 Nd4 16. Qd3 Qc7 17. Nf5 Rad8 18. Nxd4 exd4 19. Ne2 c5 20. f4 Ng4 21. Bc1 Qc6 22. h3 Nf6 23. g4 h5 24. g5 Nh7 25. Ng3 g6 26. Rd2 Qc7 27. e5 Bxg2 28. Rxg2 Bf8 29. Ne4 Bg7 30. h4 Nf8 31. Nf6+ Bxf6 32. gxf6 Kh7 33. Rg5 Kh6 34. Re2 Ne6 35. Reg2 Nxg5 36. hxg5+ Kh7 37. Rh2 Kg8 38. Bd2 Qd7 39. Qf3 Qg4+ 40. Qxg4 hxg4 41. Rg2 d3 42. Rxg4 Rd4 43. Kf2 Re4 44. Be3 Rd8 45. Rg1 d2 46. Rd1 Rd3 47. Bxd2 Rxf4+ 48. Ke2 Rfd4 49. a4 a5 50. Ke1 Kf8 51. Ke2 Ke8 52. Ke1 Kd7 53. Ke2 Ke6 54. Ke1 Kxe5 55. Ke2 Ke4 56. Bxa5 Rxd1 57. Bxb6 R4d2# 0-1


[Site "https://www.chess.com"]

[Event "Titled Tuesday Blitz July 18 Early 2023"]
[White "Ganiev, Roman"]
[Black "Ratnesan, Ranesh"]
[WhiteFideId "4131452"]
[BlackFideId "439339"]
[WhiteElo "2569"]
[BlackElo "2226"]
[Result "1/2-1/2"]
[Round "1"]
[TimeControl "180+2"]
[Date "2023.07.18"]
[WhiteClock "0:00:08"]
[BlackClock "0:00:39"]
[Board "182"]

1. e4 c5 2. Nf3 d6 3. d4 cxd4 4. Nxd4 Nf6 5. Nc3 a6 6. h3 e5 7. Nde2 h5 8. g3 Be7 9. Bg2 O-O 10. O-O Qc7 11. a4 b6 12. Be3 Bb7 13. f4 Nbd7 14. Nd5 Bxd5 15. exd5 Rac8 16. Nc3 exf4 17. Bxf4 Ne5 18. Bxe5 dxe5 19. Qe2 Bd6 20. Ne4 Nxe4 21. Bxe4 g6 22. Rf6 Be7 23. Rc6 Qd7 24. Kg2 Bc5 25. c3 a5 26. Rf1 Kg7 27. Qb5 Qd8 28. b4 axb4 29. cxb4 Bd4 30. Rxc8 Qxc8 31. Qc6 f5 32. Bd3 Qd8 33. h4 Rf6 34. Qc4 Rd6 35. Rc1 Rxd5 36. Qc7+ Rd7 37. Qxd8 Rxd8 38. Rc7+ Kf6 39. Bc4 e4 40. Rf7+ Ke5 41. Re7+ Kf6 42. Re6+ Kg7 43. Re7+ Kh8 44. Rc7 Be5 45. Rc6 Rd2+ 46. Kf1 Bxg3 47. Rxg6 Bxh4 48. Rh6+ Kg7 49. Rxh5 Bg3 50. Rxf5 Rb2 51. Rg5+ Kf6 52. Rxg3 Rxb4 53. Bb5 Ke5 54. Rg5+ Kf4 55. Rg6 Kf3 56. Rf6+ Ke3 57. Rxb6 Rb1+ 58. Kg2 Kd2 59. Rd6+ Kc3 60. Re6 Kd4 61. Kf2 Rb2+ 62. Ke1 Ra2 63. Re8 Ke3 64. Kd1 Kd4 65. Kc1 e3 66. Kb1 Rh2 67. a5 Kc5 68. Bd3 Kd4 69. Bb5 Kc5 70. Ba6 Kb4 71. Rxe3 Kxa5 72. Bd3 Kb4 73. Bc2 Kc4 74. Rd3 Kc5 75. Kb2 Kc4 76. Rc3+ Kd4 77. Rc8 Kd5 78. Kc3 Rh4 79. Bd3 Ke5 80. Rd8 Ke6 81. Bc4+ Ke5 82. Rd5+ Kf6 83. Kd3 Kg6 84. Rd6+ Kf5 85. Bd5 Ke5 86. Rd8 Rd4+ 87. Ke3 Rxd5 88. Rxd5+ Kxd5 1/2-1/2


[Site "https://www.chess.com"]

[Event "Titled Tuesday Blitz July 18 Early 2023"]
[White "disciplinedbrat"]
[Black "Zavgorodniy, Sergiy"]
[BlackFideId "14110148"]
[WhiteElo "2224"]
[BlackElo "2569"]
[Result "0-1"]
[Round "1"]
[TimeControl "180+2"]
[Date "2023.07.18"]
[WhiteClock "0:01:23"]
[BlackClock "0:00:14"]
[Board "183"]

1. b3 b6 2. Bb2 Bb7 3. d3 e6 4. h4 h5 5. e4 Nf6 6. Ke2 Be7 7. Ke1 c5 8. Nf3 Nc6 9. Be2 d6 10. Nbd2 Ng4 11. g3 Bf6 12. c3 b5 13. Qc2 b4 14. a3 a5 15. cxb4 axb4 16. a4 Bxb2 17. Qxb2 e5 18. Nc4 Qc7 19. Kf1 O-O 20. Kg2 g6 21. Ng5 Nd4 22. Bxg4 hxg4 23. Ne3 f6 24. Nxg4 fxg5 25. hxg5 Kg7 26. Rh6 Rh8 27. Rah1 Qe7 28. f4 Rxh6 29. gxh6+ Kh7 30. Qf2 Rf8 31. Ne3 Nxb3 32. f5 Nd4 33. g4 gxf5 34. gxf5 Rg8+ 35. Kf1 Qg5 36. f6 Rf8 37. f7 Qg6 38. Rg1 Qxf7 39. Rg7+ Qxg7 40. hxg7 Rxf2+ 41. Kxf2 Kxg7 42. Nc4 Ba6 43. Nxd6 Bxd3 44. Ke3 Ba6 45. Kd2 Kf8 46. a5 Ke7 47. Kc1 Kxd6 0-1


[Site "https://www.chess.com"]

[Event "Titled Tuesday Blitz July 18 Early 2023"]
[White "Aggelis, Nikolaos"]
[Black "Pershina, Elena"]
[WhiteFideId "4213220"]
[BlackFideId "24147516"]
[WhiteElo "2568"]
[BlackElo "2217"]
[Result "1-0"]
[Round "1"]
[TimeControl "180+2"]
[Date "2023.07.18"]
[WhiteClock "0:01:06"]
[BlackClock "0:00:16"]
[Board "184"]

1. c4 e6 2. g3 d5 3. Bg2 Nf6 4. Nf3 Be7 5. O-O O-O 6. d4 dxc4 7. Qc2 a6 8. a4 Bd7 9. Qxc4 Bc6 10. Bf4 Nbd7 11. Nc3 Nb6 12. Qd3 Nbd5 13. Rfe1 Nxc3 14. bxc3 Be4 15. Qd2 c5 16. Qb2 Qa5 17. Ne5 Bxg2 18. Kxg2 cxd4 19. cxd4 Qd5+ 20. Kg1 Rfd8 21. Red1 Rac8 22. a5 Ne4 23. Nf3 Nc3 24. Rdc1 Nb5 25. Rxc8 Rxc8 26. Rc1 Rc4 27. Rxc4 Qxc4 28. e3 h6 29. h4 Bb4 30. Ne5 Qc3 31. Qxc3 Bxc3 32. Nc4 f6 33. h5 Kf7 34. Kf1 Ke7 35. Ke2 Kd7 36. Kd3 Be1 37. Ke2 Bc3 38. Kd3 Be1 39. f3 Kc6 40. g4 Nc7 41. e4 Nb5 42. Bd2 Bf2 43. Be3 Be1 44. f4 Nd6 45. Nxd6 Kxd6 46. e5+ fxe5 47. dxe5+ Kd5 48. Bb6 Bg3 49. Ke3 Bh2 50. Bc7 Bg1+ 51. Kf3 Bd4 52. Bd6 Bc3 53. Bf8 Bxa5 54. Bxg7 Bd8 55. g5 a5 56. gxh6 a4 57. h7 a3 58. h8=Q 1-0


[Site "https://www.chess.com"]

[Event "Titled Tuesday Blitz July 18 Early 2023"]
[White "Kiseleva, Arina"]
[Black "Chor, Kevin"]
[WhiteFideId "4164989"]
[BlackFideId "2090740"]
[WhiteElo "2203"]
[BlackElo "2567"]
[Result "0-1"]
[Round "1"]
[TimeControl "180+2"]
[Date "2023.07.18"]
[WhiteClock "0:00:10"]
[BlackClock "0:00:19"]
[Board "185"]

1. d4 Nf6 2. Nf3 g6 3. Nbd2 d5 4. Nb3 Bg7 5. e3 Nbd7 6. c4 c6 7. Qc2 O-O 8. a4 Re8 9. cxd5 Nxd5 10. Bc4 e5 11. dxe5 Nxe5 12. Nxe5 Bxe5 13. O-O Bf5 14. Qe2 Qh4 15. g3 Qh3 16. Bd3 Bg4 17. f3 Be6 18. e4 Nb4 19. Nd2 Nxd3 20. Qxd3 Rad8 21. Qe2 Bd4+ 22. Kh1 Qh5 23. Re1 Bh3 24. Nf1 Bb6 25. Be3 Ba5 26. Red1 Rxe4 27. Rxd8+ Bxd8 28. Qd3 Qxf3+ 0-1


[Site "https://www.chess.com"]